 Dungeon Crawl Stone Soup version 0.27-a0-1301-g128193abf8 (webtiles) character file.

Game seed: 16191512765225385599

217 Sobieck the Ducker (level 5, 0/28 HPs)
             Began as a Spriggan Berserker on June 17, 2021.
             Was a Priest of Trog.
             Killed from afar by an orc wizard (3 damage)
             ... with a magic dart
             ... on level 4 of the Dungeon.
             The game lasted 00:07:59 (4741 turns).

Sobieck the Ducker (Spriggan Berserker)             Turns: 4741, Time: 00:07:59

Health: 0/28       AC:  3    Str: 14    XL:     5   Next: 61%
Magic:  6/6        EV: 19    Int:  9    God:    Trog [***...]
Gold:   121        SH:  5    Dex: 14    Spells: 4/4 levels left

rFire    . . .     SeeInvis +   a - +0 falchion {long}
rCold    . . .     Faith    .   (shield restricted)
rNeg     . . .     Spirit   .   b - +0 animal skin
rPois    .         Reflect  +   (helmet restricted)
rElec    .         Harm     .   s - +0 cloak
rCorr    .         Rampage  .   (gloves unavailable)
Will     .....                  (boots unavailable)
Stlth    +.........             q - amulet of reflection
HPRegen  0.09/turn              (no ring)
MPRegen  0.10/turn              (no ring)

@: on berserk cooldown, slowed, quick
A: very small, no large weapons, unfitting armour, see invisible, speed 3
a: Renounce Religion, Berserk, Trog's Hand


You were on level 4 of the Dungeon.
You worshipped Trog.
Trog was most pleased with you.
You visited 1 branch of the dungeon, and saw 4 of its levels.

You collected 121 gold pieces.


Innate Abilities, Weirdness & Mutations

You are very small and have problems with some larger weapons.
You are too small for most types of armour.
You have supernaturally acute eyesight. (SInv)
You cover ground extremely quickly. (Speed+++)


   Skills:
 + Level 3.6 Fighting
 + Level 3.6 Long Blades
 + Level 5.8 Dodging


You had 4 spell levels left.
You didn't know any spells.
Your spell library contained the following spells:

 Spells                   Type           Power      Damage    Failure   Level
 Corona                   Hex            0%         N/A       38%         1
 Sandblast                Erth           0%         2d4       38%         1
 Ensorcelled Hibernation  Hex/Ice        0%         N/A       52%         2
 Passwall                 Tmut/Erth      0%         N/A       52%         2
 Confusing Touch          Hex            0%         N/A       77%         3
 Dazzling Flash           Conj/Hex       0%         N/A       77%         3
 Stone Arrow              Conj/Erth      0%         3d7       77%         3
 Tukima's Dance           Hex            0%         N/A       77%         3
 Petrify                  Tmut/Erth      0%         N/A       99%         4
 Lee's Rapid Deconstruct  Erth           0%         3d5*      100%        5

Inventory:

Hand Weapons
 a - a +0 falchion (weapon) {long}
 r - a +4 quarterstaff of chaos {staff}
   (You took it off Crazy Yiuf on level 2 of the Dungeon)
 y - a +2 dagger of protection {short}
   (You took it off an orc priest on level 4 of the Dungeon)
Missiles
 d - 124 stones {throwing}
 e - 44 bolts
 m - 14 poisoned darts {throwing}
 t - 7 boomerangs (quivered) {throwing}
 u - 24 sling bullets
 v - 27 arrows
Armour
 b - a +0 animal skin (worn)
 s - a +0 cloak (worn)
   (You took it off Crazy Yiuf on level 2 of the Dungeon)
Magical Staves
 i - a staff of cold {forbidden!astaff}
   (You found it on level 2 of the Dungeon)
Jewellery
 q - an amulet of reflection (around neck)
   (You found it on level 2 of the Dungeon)
Scrolls
 f - 4 scrolls of identify {unknown}
 g - a scroll of amnesia {unknown}
 j - a scroll of teleportation {unknown}
 n - a scroll of magic mapping {unknown}
 o - a scroll of immolation {unknown}
 p - a scroll of enchant weapon {unknown}
 w - a scroll of noise {unknown}
Potions
 c - a potion of heal wounds {unknown}
 h - 2 potions of lignification {unknown}
 k - a potion of might {unknown}
 l - a potion of attraction {unknown}
 x - a potion of curing {unknown}

Dungeon Overview and Level Annotations

Branches:
Dungeon (4/15)
 Temple: D:4-7

Altars:
Okawaru

Shops:
D:2

* ..#.#.# #.# #
#.#.#.########.# ...
#.#.#..........#
.....####.#.#..#####...#######
...................+...'......
.....####.#.#..#####...#######
... #<...#.#..# #...# .
.######.#..#####...####
...o....#@).†.............
#...###o###############
+...'..[# #..[#####
...o...........
.....#########. o... ... ..


You could see an orc wizard (invisible).


Message History

The orc priest miscasts a cantrip. 😎 HP[+14]
You now have 42 max hp (+14).
Your hp is fully restored (42).
You slash the orc!
You kill the orc!
Trog accepts your kill.
You closely miss the orc. The orc completely misses you.
You slash the orc!
You kill the orc!
Trog accepts your kill. The orc priest barely misses you.
You riposte.
You slash the orc priest!
Things that are here:
a +0 dagger {short}; a +0 leather armour; an orc corpse You completely miss the orc priest.
You closely miss the orc priest.
The orc priest invokes the aid of Beogh against you.
You resist with significant effort.
You slash the orc priest!
You kill the orc priest!
Trog accepts your kill.
An orc wizard comes into view. It is wielding a +0 dagger.
Things that are here:
a +2 dagger of protection {short}; a +0 chain mail; an orc corpse
y - a +2 dagger of protection {short} You feel a strong urge to attack something.
The orc wizard shouts!
You are no longer berserk.
You are exhausted.
You feel yourself slow down.
Things that are here:
a +0 dagger {short}; a +0 leather armour; an orc corpse 😎 HP[-14]
You now have 28 max hp (-14).
You start waiting.
An orc wizard is nearby!
You closely miss the orc wizard. The orc wizard casts a spell at you.
The puff of flame reflects off an invisible shield around you!
The puff of flame hits the orc wizard.
The orc wizard closely misses you.
You barely miss the orc wizard.
The orc wizard hits you but does no damage.
You hit the orc wizard but do no damage.
The orc wizard gestures at you while chanting.
The magic dart hits you.
The orc wizard closely misses you. 😕 HP[-3]
You take 3 damage, and now have 25/28 hp.
You hit the orc wizard.
The orc wizard gestures wildly while chanting.
The orc wizard flickers and vanishes for a moment.
The orc wizard closely misses you.
You completely miss the orc wizard. The orc wizard closely misses you.
The orc wizard hits you with a +0 dagger. 😕 HP[-1]
You take 1 damage, and now have 24/28 hp.
You hit the orc wizard but do no damage.
The orc wizard barely misses you.
You hit the orc wizard but do no damage.
The orc wizard barely misses you.
You riposte.
You barely miss the orc wizard.
The orc wizard hits you with a +0 dagger. 😕 HP[-1]
You take 1 damage, and now have 23/28 hp.
You barely miss the orc wizard. You block the orc wizard's attack.
The orc wizard casts a spell at you. The puff of flame hits you! 😮 HP[-8]
You take 8 damage, and now have 15/28 hp.
MASSIVE DAMAGE!! (PAUSE)
You closely miss the orc wizard.
The orc wizard hits you with a +0 dagger.
* * * LOW HITPOINT WARNING * * *
😨 HP[-1]
You take 1 damage, and now have 14/28 hp.
You closely miss the orc wizard. The orc wizard casts a spell at you.
The magic dart hits you!
* * * LOW HITPOINT WARNING * * *
The orc wizard closely misses you. 😱 HP[-7]
You take 7 damage, and now have 7/28 hp.
MASSIVE DAMAGE!! (PAUSE)
You hit the orc wizard but do no damage.
The orc wizard hits you with a +0 dagger.
* * * LOW HITPOINT WARNING * * *
You block the orc wizard's attack. 😱 HP[-1]
You take 1 damage, and now have 6/28 hp.
You hit the orc wizard but do no damage.
The orc wizard barely misses you.
You hit the orc wizard but do no damage.
The orc wizard misses you.
The orc wizard hits you with a +0 dagger.
* * * LOW HITPOINT WARNING * * *
😱 HP[-2]
You take 2 damage, and now have 4/28 hp.
You closely miss the orc wizard.
The orc wizard hits you with a +0 dagger.
* * * LOW HITPOINT WARNING * * *
The orc wizard points at you and mumbles some strange words.
The magic dart hits you.
You die...

Skill      XL: |  1  2  3 |
---------------+----------+-----
Long Blades    | 3 |  3.6
Fighting       | 3 |  3.6
Dodging        | 5 |  5.8

Action                   |  1- 3 |  4- 6 || total
-------------------------+-------+-------++-------
Melee: Falchion          |   140 |   101 ||   241
Throw: Boomerang         |       |     1 ||     1
Invok: Berserk           |     6 |     3 ||     9
 Stab: Sleeping          |     4 |     2 ||     6
Armor: Animal skin       |    19 |    14 ||    33
Dodge: Dodged            |   143 |   100 ||   243
Block: Other             |       |    15 ||    15
       Reflection        |       |     1 ||     1
       Rpst.: Falchion   |    47 |    24 ||    71

Levels and vault maps discovered:
D:1:      eino_arrival_tree_alley, layout_rooms,
          chequers_ecumenical_altar_island
D:2:      minmay_wonky_spiral, layout_loops_corners, serial_shops,
          nicolae_shop_statue_plus, uniq_crazy_yiuf_cottage, uniq_jessica
D:3:      layout_basic, okawaru_gym_becter, uniq_robin
D:4:      layout_basic, serial_shops, shop

Notes
Turn   | Place    | Note
-------+----------+-------------------------------------------
     0 | D:1      | Sobieck the Spriggan Berserker began the quest for the Orb.
     0 | D:1      | Reached XP level 1. HP: 11/11 MP: 2/2
     0 | D:1      | magus.rc [v1.9.6]
   167 | D:1      | Reached XP level 2. HP: 16/16 MP: 3/3
   408 | D:1      | Reached ** piety under Trog
   719 | D:1      | Found a faded altar of an unknown god.
   733 | D:1      | Reached XP level 3. HP: 19/19 MP: 4/4
   750 | D:1      | HP: 4/19 [quokka (2)]
   787 | D:1      | HP: 4/19 [quokka (1)]
  1123 | D:1      | HP: 3/19 [quokka (4)]
  1924 | D:2      | Reached skill level 3 in Long Blades
  2162 | D:3      | Reached skill level 3 in Fighting
  2522 | D:2      | Found Vuyc's General Store.
  2527 | D:2      | Noticed Jessica
  2534 | D:2      | Killed Jessica
  2535 | D:2      | Reached skill level 5 in Dodging
  2535 | D:2      | Reached XP level 4. HP: 18/24 MP: 5/5
  2944 | D:2      | Found a runed translucent door.
  2945 | D:2      | Noticed Crazy Yiuf
  3425 | D:2      | Killed Crazy Yiuf
  3730 | D:3      | Found an iron altar of Okawaru.
  3794 | D:3      | Reached XP level 5. HP: 28/28 MP: 6/6
  3876 | D:3      | Noticed Robin
  3899 | D:3      | Reached *** piety under Trog
  3905 | D:3      | Killed Robin
  4223 | D:3      | You pick up a book of Geomancy {forbidden} and begin
                  | reading...
  4223 | D:3      | You add the spells Sandblast, Passwall, Stone Arrow,
                  | Petrify and Lee's Rapid Deconstruction to your library.
  4494 | D:3      | You pick up a book of Maledictions {forbidden} and begin
                  | reading...
  4494 | D:3      | You add the spells Corona, Ensorcelled Hibernation,
                  | Confusing Touch, Tukima's Dance and Dazzling Flash to your
                  | library.
  4737 | D:4      | HP: 7/28 [orc wizard/magic dart (7)]
  4741 | D:4      | HP: 3/28 [orc wizard (1)]
  4741 | D:4      | Killed from afar by an orc wizard

Vanquished Creatures
  Crazy Yiuf (D:2)
  An orc priest (D:4)
  Jessica (D:2)
  Robin (D:3)
  2 adders
  3 worms
  A dart slug (D:2)
  7 orcs
  3 endoplasms
  2 giant cockroaches
  8 hobgoblins
  10 jackals
  3 quokkas
  5 ball pythons
  8 bats
  3 frilled lizards
  13 goblins
  A kobold (D:1)
  10 rats
83 creatures vanquished.

Table legend:
 A = Non-vault XP
 B = Vault XP
 C = Vault XP percentage of total XP
 D = Non-vault monster count
 E = Vault monster count
 F = Vault count percentage of total count
                 A         B        C        D         E       F
            +---------+---------+-------+---------+---------+-------
      Total |     193 |     117 |  37.7 |      68 |      15 |  18.1
            +---------+---------+-------+---------+---------+-------
        D:1 |      52 |       0 |   0.0 |      34 |       0 |   0.0
        D:2 |      45 |      82 |  64.6 |      14 |       4 |  22.2
        D:3 |      45 |      35 |  43.8 |      16 |      11 |  40.7
        D:4 |      51 |       0 |   0.0 |       4 |       0 |   0.0
            +---------+---------+-------+---------+---------+-------

Illustrated notes

Table legend:
 A = Kills in this place as a percentage of kills in entire the game.
 B = Kills by you in this place as a percentage of kills by you in the entire game.
 C = Kills by friends in this place as a percentage of kills by friends in the entire game.
 D = Other kills in this place as a percentage of other kills in the entire game.
 E = Experience gained in this place as a percentage of experience gained in the entire game.
 F = Experience gained in this place divided by the number of levels of this place that you have seen.
                   A       B       C       D       E      F
               +-------+-------+-------+-------+-------+----------------------
         Total | 100.0 | 100.0 |   N/A |   N/A | 100.0 |  77.5
       Dungeon | 100.0 | 100.0 |   N/A |   N/A | 100.0 |  77.5
               +-------+-------+-------+-------+-------+----------------------

Table legend: (Time is in decaauts)
 A = Elapsed time spent in this place.
 B = Non-inter-level travel time spent in this place.
 C = Inter-level travel time spent in this place.
 D = Time resting spent in this place.
 E = Time spent auto-exploring this place.
 F = Levels seen in this place.
 G = Mean time per level.
                   A        B        C        D        E       F      G
               +--------+--------+--------+--------+--------+-----+--------+
         Total |   3875 |   3729 |    146 |   1677 |   1427 |   4 |  968.8 |
       Dungeon |   3875 |   3729 |    146 |   1677 |   1427 |   4 |  968.8 |
               +--------+--------+--------+--------+--------+-----+--------+

Top non-repeatable levels by time:
     D:2: 1521 daAuts
     D:1: 1429 daAuts
     D:3: 823 daAuts
     D:4: 100 daAuts
